 Dungeon Crawl Stone Soup version 0.32-a0-128-g77eb882913 (webtiles) character file.

Game seed: 831443570672886495

54 zeratav the Trooper (level 3, -4/39 HPs)
             Began as an Oni Warper on Feb 7, 2024.
             Killed from afar by Natasha (5 damage)
             ... with a magic dart
             ... on level 2 of the Dungeon.
             The game lasted 00:02:47 (1972 turns).

zeratav the Trooper (Oni Warper)                    Turns: 1972, Time: 00:02:48

Health: -4/39      AC:  3    Str: 17    XL:     3   Next: 91%
Magic:  1/6        EV: 14    Int: 14    God:
Gold:   41         SH:  0    Dex:  8    Spells: 4/6 levels left

rFire   . . .        h - +2 short sword (holy) {short}
rCold   . . .        (no shield)
rNeg    . . .        b - +0 robe
rPois   .            (helmet restricted)
rElec   .            (no cloak)
rCorr   .            (gloves unavailable)
SInv    .            (boots unavailable)
Will    .....        (no amulet)
Stlth   +            j - +5 ring of evasion
HPRegen 0.26/turn    (no ring)
MPRegen 0.10/turn

%: no passive effects
@: very slightly contaminated
A: large, unfitting armour, horns 1, tough skin 1, double potion healing,
drunken brawling
a: no special abilities


You were on level 2 of the Dungeon.
You visited 1 branch of the dungeon, and saw 2 of its levels.

You collected 41 gold pieces.


Innate Abilities, Weirdness & Mutations

You are too large for most types of armour.
You have a pair of small horns on your head.
You have tough skin. (AC +1)
You gain doubled healing and magic from potions.
Whenever you drink a healing potion, you attack all around you.


   Skills:
 + Level 4.2 Fighting
 + Level 3.2 Maces & Flails
 - Level 1.0 Throwing
 - Level 2.1 Dodging
 - Level 2.4 Spellcasting
 - Level 2.6 Translocations


You had 4 spell levels left.
You knew the following spells:

 Your Spells              Type           Power      Damage    Failure   Level
a - Blink                 Tloc           18%        N/A       12%         2

Your spell library contained the following spells:

 Spells                   Type           Power      Damage    Failure   Level
 Lesser Beckoning         Tloc           18%        N/A       12%         2
 Teleport Other           Tloc           9%         N/A       22%         3
 Manifold Assault         Tloc           9%         N/A       58%         4
 Vhi's Electric Charge    Tloc/Air       10%        N/A       78%         4

Inventory:

Hand Weapons
 a - a +0 mace {mace}
 h - a +2 short sword of holy wrath (weapon) {short}
   (You took it off a kobold on level 1 of the Dungeon)
 m - a +0 short sword of venom {short}
   (You took it off a kobold on level 2 of the Dungeon)
 n - a +2 morningstar of holy wrath {mace}
   (You found it on level 2 of the Dungeon)
Missiles
 d - 7 darts of dispersal (quivered) {=fthrowing}
 g - 11 poisoned darts {throwing}
 l - 24 stones {throwing}
Armour
 b - a +0 robe (worn)
Jewellery
 j - a +5 ring of evasion (left hand)
   (You found it on level 1 of the Dungeon)
Scrolls
 c - a scroll of blinking {!r}
 e - 2 scrolls of identify {unknown}
 f - a scroll of teleportation {unknown}
 o - a scroll of vulnerability {unknown}
 q - a scroll of amnesia {unknown}
Potions
 i - a potion of resistance {unknown}
 k - a potion of degeneration {unknown}
 p - a potion of magic {unknown}

Dungeon Overview and Level Annotations

Branches:
Dungeon (2/15) Zot: 10015

Altars:

Shops:
D:2 (

Annotations:
D:2 Jessica, Natasha

.....## ####..## ##..########
##...55...# ########.# #####
#5### #.... #55.## #.###
###h.###### #.# ##@..@..# #.#
######.(# #.# ##### # #.###
.∩..##################.# #.#..
∩∩∩..................#...####.#.#
.∩.#################.# #....#.#.#
#### #.# #...#.# #.# ##..#.#
#.########.#.#


You could see Natasha, 3 cerulean imps and Jessica.


Message History

You are too injured to fight recklessly!
You are too injured to fight recklessly!
You are too injured to fight recklessly!
You are too injured to fight recklessly!
You are too injured to fight recklessly!
You are too injured to fight recklessly!
You are too injured to fight recklessly!
You are too injured to fight recklessly!
You are too injured to fight recklessly!
Unknown command.
You hit Natasha. Natasha claws you!
* * * LOW HITPOINT WARNING * * *
HP[-8]
You take 8 damage, and now have 9/39 hp.
MASSIVE DAMAGE!! (PAUSE)
You hit Natasha but do no damage. You headbutt Natasha, but do no damage.
Natasha claws you!
* * * LOW HITPOINT WARNING * * *
HP[-7]
You take 7 damage, and now have 2/39 hp.
You barely miss Natasha. Your headbutt misses Natasha.
Natasha closely misses you.
HP[+1]
You hit Natasha. You headbutt Natasha, but do no damage.
Natasha wildly gestures.
You feel disoriented. Natasha claws you but does no damage.
Casting: Blink (safe; 12% risk of failure)
Confirm with . or Enter, or press ? or * to list all spells.
You blink.
MP[-2]
You lost 2 mp, and now have 4/6 mp.
HP[+1] Natasha stares at you and mumbles some strange words.
You resist with some effort.
q - a scroll labelled KAULUE PADOV You feel ready to blink again.
HP[+1]
A ball python comes into view.
Found a stone staircase leading down.
The ball python hisses angrily.
HP[+1] MP[+1]
Casting: Blink (safe; 12% risk of failure)
Confirm with . or Enter, or press ? or * to list all spells.
You blink.
MP[-2]
You lost 2 mp, and now have 3/6 mp.
HP[+1]
You feel ready to blink again.
HP[+1]
The ball python attacks as it pursues you!
The ball python closely misses you.
MP[+1]
You hit the ball python.
Natasha casts a spell.
The ball python bites you but does no damage.
HP[+1]
You hit the ball python.
You kill the ball python!
The cerulean imp misses you.
Natasha mumbles some strange words.
The cerulean imp hits you from afar with a +2 spear.
* * * LOW HITPOINT WARNING * * *
HP[-4]
You take 4 damage, and now have 5/39 hp.
The cerulean imp attacks as it pursues you!
The cerulean imp misses you.
HP[+1]
Casting: Blink (safe; 12% risk of failure)
Confirm with . or Enter, or press ? or * to list all spells.
You blink.
MP[-2]
You lost 2 mp, and now have 2/6 mp.
HP[+1] MP[+1] Natasha extends her claws.
Jessica the Apprentice Sorceress comes into view.
She is wielding a +0 club.
Jessica shouts!
Natasha attacks as she pursues you! Natasha barely misses you.
The cerulean imp hits you from afar with a +2 spear.
* * * LOW HITPOINT WARNING * * *
HP[-3]
You take 3 damage, and now have 4/39 hp.
You feel ready to blink again.
Natasha howls an incantation.
Natasha shimmers violently.
Natasha attacks as she pursues you! Natasha claws you.
* * * LOW HITPOINT WARNING * * *
Natasha mumbles some strange words.
HP[-3]
You take 3 damage, and now have 1/39 hp.
Casting: Blink (safe; 12% risk of failure)
Confirm with . or Enter, or press ? or * to list all spells.
You miscast Blink.
You are very lightly contaminated with residual magic.
Nothing appears to happen.
The cerulean imp hits you but does no damage.
Natasha stares at you and mumbles some strange words.
The magic dart hits you.
You die...
Natasha curls up and begins to purr.

Skill      XL: |  1  2  3 |
---------------+----------+-----
Fighting       | 3 4 |  4.2
Maces & Flails | 3 |  3.2
Throwing       | |  1.0
Dodging        | |  2.1
Spellcasting   | |  2.4
Translocations | |  2.6

Action                     || total
---------------------------++-------
  Melee: Mace              ||    49
         Headbutt          ||    21
         Short sword       ||   103
         Punch             ||     1
   Cast: Blink             ||     3
 Armour: Robe              ||   103
  Dodge: Dodged            ||    97

Levels and vault maps discovered:
D:1:      dpeg_arrival_concentric_ovals, layout_basic, minmay_indecisive_spiral
D:2:      layout_basic, serial_shops, nicolae_shop_dealshenge, uniq_jessica,
          uniq_sigmund, uniq_natasha

Notes
Turn   | Place    | Note
-------+----------+-------------------------------------------
     0 | D:1      | zeratav the Oni Warper began the quest for the Orb.
     0 | D:1      | Reached XP level 1. HP: 22/22 MP: 3/3
     0 | D:1      | magus.rc [v1.9.6]
   222 | D:1      | Reached skill level 3 in Fighting
   231 | D:1      | Reached XP level 2. HP: 22/31 MP: 5/5
   273 | D:1      | Learned a level 2 spell: Blink
   962 | D:1      | Reached XP level 3. HP: 39/39 MP: 6/6
  1459 | D:2      | Reached skill level 4 in Fighting
  1459 | D:2      | Reached skill level 3 in Maces & Flails
  1903 | D:2      | Found Heisyd's Antique Weapon Shop.
  1922 | D:2      | Noticed Natasha
  1934 | D:2      | HP: 9/39 [Natasha (8)]
  1935 | D:2      | HP: 2/39 [Natasha (7)]
  1962 | D:2      | HP: 5/39 [cerulean imp/+2 spear[Natasha] (4)]
  1970 | D:2      | Noticed Jessica
  1970 | D:2      | HP: 4/39 [cerulean imp/+2 spear[Natasha] (3)]
  1971 | D:2      | HP: 1/39 [Natasha (4)]
  1972 | D:2      | Killed from afar by Natasha

Vanquished Creatures
  An adder (D:2)
  A ribbon worm (D:2)
  5 ball pythons
  4 bats (D:2)
  3 endoplasms (D:1)
  5 giant cockroaches
  2 goblins
  2 hobgoblins
  4 jackals (D:1)
  A quokka (D:2)
  2 frilled lizards (D:1)
  6 kobolds
  A rat (D:1)
37 creatures vanquished.

Table legend:
 A = Non-vault XP
 B = Vault XP
 C = Vault XP percentage of total XP
 D = Non-vault monster count
 E = Vault monster count
 F = Vault count percentage of total count
                 A         B        C        D         E       F
            +---------+---------+-------+---------+---------+-------
      Total |      71 |       7 |   9.0 |      33 |       4 |  10.8
            +---------+---------+-------+---------+---------+-------
        D:1 |      30 |       7 |  18.9 |      17 |       4 |  19.0
        D:2 |      41 |       0 |   0.0 |      16 |       0 |   0.0
            +---------+---------+-------+---------+---------+-------

Skill      XL: |  1  2  3 |
---------------+----------+-----
Fighting       | 3 4 |  4.2
Maces & Flails | 3 |  3.2
Throwing       | |  1.0
Dodging        | |  2.1
Spellcasting   | |  2.4
Translocations | |  2.6

Action                     || total
---------------------------++-------
  Melee: Mace              ||    49
         Headbutt          ||    21
         Short sword       ||   103
         Punch             ||     1
   Cast: Blink             ||     3
 Armour: Robe              ||   103
  Dodge: Dodged            ||    97

Illustrated notes

Table legend:
 A = Kills in this place as a percentage of kills in the entire game.
 B = Kills by you in this place as a percentage of kills by you in the entire game.
 C = Kills by friends in this place as a percentage of kills by friends in the entire game.
 D = Other kills in this place as a percentage of other kills in the entire game.
 E = Experience gained in this place as a percentage of experience gained in the entire game.
 F = Experience gained in this place divided by the number of levels of this place that you have seen.
                   A       B       C       D       E      F
               +-------+-------+-------+-------+-------+----------------------
         Total | 100.0 | 100.0 |   N/A |   N/A | 100.0 |  39.0
       Dungeon | 100.0 | 100.0 |   N/A |   N/A | 100.0 |  39.0
               +-------+-------+-------+-------+-------+----------------------

Table legend: (Time is in decaauts)
 A = Elapsed time spent in this place.
 B = Non-inter-level travel time spent in this place.
 C = Inter-level travel time spent in this place.
 D = Time resting spent in this place.
 E = Time spent auto-exploring this place.
 F = Levels seen in this place.
 G = Mean time per level.
                   A        B        C        D        E       F      G
               +--------+--------+--------+--------+--------+-----+--------+
         Total |   1984 |   1946 |     38 |    200 |   1403 |   2 |  992.0 |
       Dungeon |   1984 |   1946 |     38 |    200 |   1403 |   2 |  992.0 |
               +--------+--------+--------+--------+--------+-----+--------+

Top non-repeatable levels by time:
     D:1: 1279 daAuts
     D:2: 704 daAuts
